 Dungeon Crawl Stone Soup version 0.31.0-32-g396128a36d (webtiles) character file.

Game seed: 15249808326056386523

154 PaiMei the Gusty (level 5, -7/30 HPs)
             Began as a Tengu Air Elementalist on Mar 20, 2024.
             Mangled by an ice beast (8 damage)
             ... on level 4 of the Dungeon.
             The game lasted 00:03:28 (2766 turns).

PaiMei the Gusty (Tengu Air Elementalist)           Turns: 2766, Time: 00:03:29

Health: -7/30      AC:  4    Str:  9    XL:     5   Next: 36%
Magic:  0/10       EV: 13    Int: 23    God:
Gold:   100        SH:  0    Dex: 20    Spells: 3/9 levels left

rFire   . . .        s - +2 whip (vamp)
rCold   . . .        (no shield)
rNeg    . . .        o - +2 animal skin
rPois   .            (helmet restricted)
rElec   .            (no cloak)
rCorr   .            (no gloves)
SInv    .            (boots unavailable)
Will    .....        (no amulet)
Stlth   ++           c - +6 ring of intelligence
HPRegen 0.25/turn    i - +6 ring of dexterity
MPRegen 0.12/turn

%: acrobat
@: no status effects
A: beak, talons 3, acrobatic
a: no special abilities


You were on level 4 of the Dungeon.
You visited 1 branch of the dungeon, and saw 4 of its levels.

You collected 100 gold pieces.

Inventory:

Hand Weapons
 s - a +2 vampiric whip (weapon)
Missiles
 k - 6 poisoned darts (quivered)
Armour
 o - a +2 animal skin (worn)
Jewellery
 c - a +6 ring of intelligence (left hand)
 i - a +6 ring of dexterity (right hand)
Wands
 n - a wand of flame (8)
Scrolls
 e - 2 scrolls of enchant armour {unknown}
 f - 5 scrolls of identify {unknown}
 l - 2 scrolls of vulnerability {unknown}
 m - a scroll of revelation {unknown}
 q - a scroll of teleportation {unknown}
 t - a scroll of brand weapon {unknown}
Potions
 b - 2 potions of magic
 g - a potion of enlightenment {unknown}
 h - 2 potions of attraction {unknown}
 j - 3 potions of curing {unknown}
 r - a potion of mutation {unknown}
 u - a potion of heal wounds {unknown}


   Skills:
 + Level 1.8 Fighting
 + Level 3.2 Dodging
 - Level 2.1 Stealth
 + Level 2.8 Spellcasting
 + Level 3.1 Conjurations
 + Level 4.9 Air Magic


You had 3 spell levels left.
You knew the following spells:

 Your Spells              Type           Power      Damage    Failure   Level
a - Shock                 Conj/Air       84%        1d8       2%          1
b - Static Discharge      Conj/Air       42%        3-5/arc   3%          2
c - Swiftness             Air            26%        N/A       4%          3

Your spell library contained the following spells:

 Spells                   Type           Power      Damage    Failure   Level
 Freeze                   Ice            12%        1d3       12%         1
 Hailstorm                Conj/Ice       10%        3d6       19%         3
 Frozen Ramparts          Ice            6%         1d1       34%         3
 Fugue of the Fallen      Necr           3%         N/A       34%         3
 Ozocubu's Armour         Ice            3%         N/A       34%         3
 Airstrike                Air            13%        2d(2-18)  16%         4
 Manifold Assault         Tloc           3%         N/A       75%         4


Dungeon Overview and Level Annotations

Branches:
Dungeon (4/15)
 Temple: D:4-7

Altars:

Shops:
D:2 [


Innate Abilities, Weirdness & Mutations

You have a beak for a mouth.
You have claws for feet.
You can magically evade attacks while moving or waiting.


Message History

Confirm with . or Enter, or press ? or * to list all spells.
The ice beast is struck by an arc of lightning.
The ice beast is severely wounded.
You are struck by an arc of lightning.
The ice beast is struck by an arc of lightning.
The ice beast is severely wounded.
The lightning grounds out.
The ice beast hits you. The ice beast freezes you!
Throw: 6 darts (poison)
Press: ? - help, Q - select action, (/) - cycle Shift-Dir - straight line, f/p - ice beast
Aim: an ice beast (severely wounded, 59% to hit)
Okay, then.
Casting: Static Discharge (safe; 3% risk of failure)
Confirm with . or Enter, or press ? or * to list all spells.
You don't have enough magic to cast this spell.
Casting: Static Discharge (safe; 3% risk of failure)
Confirm with . or Enter, or press ? or * to list all spells.
Aiming: Shock (safe; 2% risk of failure)
Press: ? - help, Shift-Dir - straight line, f/p - ice beast
Aim: an ice beast (severely wounded, 74% to hit)
The zap hits the ice beast.
The ice beast is almost dead.
The ice beast closely misses you.
You closely miss the ice beast.
The ice beast is almost dead.
The ice beast hits you but does no damage.
Casting: Shock (safe; 2% risk of failure)
Confirm with . or Enter, or press ? or * to list all spells.
You don't have enough magic to cast this spell.
Casting: Shock (safe; 2% risk of failure)
Confirm with . or Enter, or press ? or * to list all spells.
You don't have enough magic to cast this spell.
You hit the ice beast but do no damage.
You peck the ice beast, but do no damage.
The ice beast is almost dead.
The ice beast hits you. The ice beast freezes you!
* * * LOW HITPOINT WARNING * * *
The ice beast hits you.
* * * LOW HITPOINT WARNING * * *
The ice beast freezes you!
You die...

......<........
...............
........>......
............>..
.........:.....
...............
.......Y......#
.....$.@.....#
.....##........
... ......... #
#.........
..........
#..........
...........
.#..........


You could see an ice beast.

Vanquished Creatures
  A howler monkey (D:2)
  An orc priest (D:3)
  Robin (D:2)
  4 dart slugs
  6 orcs (D:3)
  3 endoplasms (D:1)
  5 hobgoblins
  6 jackals
  6 kobolds
  2 quokkas
  6 bats
  3 frilled lizards
  12 goblins
  3 rats
59 creatures vanquished.

Notes
Turn   | Place    | Note
-------+----------+-------------------------------------------
     0 | D:1      | PaiMei the Tengu Air Elementalist began the quest for the
                  | Orb.
     0 | D:1      | Reached XP level 1. HP: 10/10 MP: 4/4
   270 | D:1      | Reached XP level 2. HP: 15/15 MP: 3/6
   854 | D:2      | Noticed a howler monkey
   868 | D:2      | Killed a howler monkey
   869 | D:2      | Reached skill level 1 in Fighting
   869 | D:2      | Reached XP level 3. HP: 2/20 MP: 0/7
   869 | D:2      | Reached XP level 4. HP: 3/25 MP: 0/8
  1406 | D:2      | Noticed Robin
  1415 | D:2      | Killed Robin
  1769 | D:2      | Found Locok's Antique Armour Boutique.
  2288 | D:3      | Reached XP level 5. HP: 25/30 MP: 0/10
  2721 | D:3      | Learned a level 2 spell: Static Discharge
  2725 | D:3      | Learned a level 3 spell: Swiftness
  2758 | D:4      | Noticed an ice beast
  2766 | D:4      | HP: 1/30 [ice beast (4)]
  2766 | D:4      | Mangled by an ice beast

Illustrated notes

Levels and vault maps discovered:
D:1:      doesnt_arrival_eight_statues, layout_rooms, minmay_crystal_water
D:2:      layout_loops_ring, serial_shops, shop, uniq_robin
D:3:      layout_basic
D:4:      kennysheep_slugbush, layout_rooms

Skill      XL: |  1  2  3  4 |
---------------+-------------+-----
Conjurations   | 2 3 |  3.1
Fighting       | 1 |  1.8
Dodging        | 3 |  3.2
Stealth        | |  2.1
Spellcasting   | |  2.8
Air Magic      | |  4.9

Action                     |  1- 3 |  4- 6 || total
---------------------------+-------+-------++-------
  Melee: Unarmed           |    15 |     5 ||    20
         Kick              |     5 |     4 ||     9
         Whip              |       |     9 ||     9
         Peck              |       |     2 ||     2
         Punch             |       |     1 ||     1
   Cast: Shock             |    38 |    82 ||   120
         Static Discharge  |       |     1 ||     1
 Armour: Robe              |    21 |     3 ||    24
         Animal skin       |       |    13 ||    13
  Dodge: Dodged            |    24 |    10 ||    34
